 Dungeon Crawl Stone Soup version 0.28-a0-1235-g7c8fac35f0 (webtiles) character file.

Game seed: 8781987098732779163

18 Zonian the Insei (level 2, 0/21 HPs)
             Began as a Merfolk Transmuter on Dec 24, 2021.
             Succumbed to an adder's poison
             ... on level 2 of the Dungeon.
             The game lasted 00:02:58 (1955 turns).

Zonian the Insei (Merfolk Transmuter)               Turns: 1955, Time: 00:02:59

Health: 0/21       AC:  2    Str: 10    XL:     2   Next: 70%
Magic:  4/5        EV: 13    Int: 12    God:
Gold:   55         SH:  0    Dex: 14    Spells: 2/5 levels left

rFire   . . .      SeeInvis .   c - +0 dagger
rCold   . . .      Faith    .   (no shield)
rNeg    . . .      Spirit   .   a - +0 robe
rPois   .          Reflect  .   (helmet currently unavailable)
rElec   .          Harm     .   (no cloak)
rCorr   .          Rampage  .   (no gloves)
Will    .....                   (boots currently unavailable)
Stlth   +.........              (no amulet)
HPRegen 0.07/turn               (no ring)
MPRegen 0.09/turn               (no ring)

@: lethally poisoned (0 -> -4), appendages, invisible
A: horns 2, (nimble swimmer 2), mertail
a: End Transformation


You were on level 2 of the Dungeon.
You had temporarily grown beastly horns.
You visited 1 branch of the dungeon, and saw 2 of its levels.

You collected 55 gold pieces.

Inventory:

Hand Weapons
 c - a +0 dagger (weapon)
Missiles
 e - 3 datura-tipped darts
Armour
 a - a +0 robe (worn)


   Skills:
 + Level 1.5 Fighting
 + Level 3.0 Dodging
 + Level 3.5 Unarmed Combat
 + Level 2.2 Spellcasting
 + Level 3.1 Transmutations


You had 2 spell levels left.
You knew the following spells:

 Your Spells              Type           Power      Damage    Failure   Level
a - Beastly Appendage     Tmut           16%        N/A       8%          1
b - Wereblood             Tmut           8%         N/A       12%         2

Your spell library contained the following spells:

 Spells                   Type           Power      Damage    Failure   Level
 Spider Form              Tmut/Pois      5%         N/A       38%         3
 Ice Form                 Ice/Tmut       5%         N/A       80%         4


Dungeon Overview and Level Annotations

Branches:
Dungeon (2/15)

Altars:


Innate Abilities, Weirdness & Mutations

You have temporarily grown beastly horns.
((You are very nimble when in or above water. (Stealth+, EV+, Speed+++)))
Your lower body shifts to a powerful aquatic tail in water.


Message History

The dart slug closely misses you.
You hit the dart slug.
The dart slug is severely wounded.
You hit the dart slug but do no damage.
The dart slug is severely wounded.
The dart slug launches a dart at you. The slug dart misses you.
You hit the dart slug.
The dart slug is almost dead.
The dart slug bites you but does no damage.
You hit the dart slug.
You kill the dart slug!
The adder hisses angrily.
The goblin hits you with a +0 club.
You barely miss the goblin. The goblin barely misses you.
You hit the goblin.
The goblin is severely wounded.
The goblin closely misses you.
You hit the goblin.
The goblin is severely wounded.
The goblin barely misses you. The adder closely misses you.
There is a stone staircase leading up here.
Casting: Beastly Appendage (safe; 8% risk of failure)
Confirm with . or Enter, or press ? or * to list all spells.
You grow a pair of large bovine horns.
The adder bites you. The goblin misses you.
Unknown command.
You miss the adder. Your headbutt misses the adder.
The adder closely misses you. The goblin misses you.
You closely miss the adder. The adder bites you.
* * * LOW HITPOINT WARNING * * *
You are lethally poisoned!
The adder poisons you! The goblin hits you with a +0 club.
* * * LOW HITPOINT WARNING * * *
The adder barely misses you.
Unknown command.
It was a potion of invisibility.
You fade into invisibility!
You die...

...#.....###.
#+##..>......##. #...
...#..........## +.⌠.
##.⌠............## #....
#....#..........##
#...###...##..........##
#....#....#...........##
#.......##...........##
#.>.⌠.@.#...........###
#....†Sg##...#.........
#....#....##............
#... ##...##.........###
#... #....#........#...
+.⌠ ##.⌠.............#
#. #...#..g....##### #
##'##.......#####
..##.###.###...


You could see an adder and a goblin.

Vanquished Creatures
  A dart slug (D:2)
  3 endoplasms
  A giant cockroach (D:1)
  2 hobgoblins (D:1)
  2 kobolds (D:1)
  2 quokkas (D:1)
  2 bats
  A frilled lizard (D:1)
  A rat (D:2)
15 creatures vanquished.

Notes
Turn   | Place    | Note
-------+----------+-------------------------------------------
     0 | D:1      | Zonian the Merfolk Transmuter began the quest for the Orb.
     0 | D:1      | Reached XP level 1. HP: 15/15 MP: 3/3
   459 | D:1      | Reached XP level 2. HP: 15/21 MP: 3/5
  1246 | D:1      | Learned a level 2 spell: Wereblood
  1347 | D:2      | Found a faded altar of an unknown god.
  1954 | D:2      | HP: 1/21 [goblin (3)]
  1955 | D:2      | Succumbed to an adder's poison

Illustrated notes

Levels and vault maps discovered:
D:1:      dpeg_arrival_pond, layout_basic, ebering_dispersal_statue_hall
D:2:      layout_rooms, ebering_ecumenical_altar_webs, serial_glass,
          glass_columns_b, glass_columns_a, item_on_display_a,
          minmay_strange_pillars, feat_on_display, feat_on_display,
          grunt_ministairs_13, serial_bayou_lagoon_a, minmay_heptomino_o4

Skill      XL: |  1  2 |
---------------+-------+-----
Transmutations | 3 |  3.1
Dodging        | 3 |  3.0
Fighting       | |  1.5
Unarmed Combat | |  3.5
Spellcasting   | |  2.2

Action                   || total
-------------------------++-------
Melee: Unarmed           ||    17
       Dagger            ||    60
       Headbutt          ||     7
 Cast: Beastly Appendage ||    11
  Use: Scroll            ||     2
       Potion            ||     1
Armor: Robe              ||    19
Dodge: Dodged            ||    75

Table legend: (Time is in decaauts)
 A = Elapsed time spent in this place.
 B = Non-inter-level travel time spent in this place.
 C = Inter-level travel time spent in this place.
 D = Time resting spent in this place.
 E = Time spent auto-exploring this place.
 F = Levels seen in this place.
 G = Mean time per level.
                   A        B        C        D        E       F      G
               +--------+--------+--------+--------+--------+-----+--------+
         Total |   1953 |   1871 |     82 |    951 |    625 |   2 |  976.5 |
       Dungeon |   1953 |   1871 |     82 |    951 |    625 |   2 |  976.5 |
               +--------+--------+--------+--------+--------+-----+--------+

Top non-repeatable levels by time:
     D:1: 1718 daAuts
     D:2: 234 daAuts
